 Dungeon Crawl Stone Soup version 0.30-a0-779-g7971cf19c3 (webtiles) character file.

Game seed: 8283692720101027555

537 KleinerIrrer the Covered (level 7, -20/64 HPs)
             Began as an Armataur Fighter on Feb 17, 2023.
             Was a Follower of Uskayaw.
             Demolished by an ogre
             ... wielding a +0 giant club
              (27 damage)
             ... on level 5 of the Dungeon.
             The game lasted 00:05:34 (2642 turns).

KleinerIrrer the Covered (Armataur Fighter)         Turns: 2642, Time: 00:05:35

Health: -20/64     AC:  7    Str: 23    XL:     7   Next: 5%
Magic:  0/7        EV:  7    Int:  8    God:    Uskayaw [*.....]
Gold:   167        SH:  5    Dex: 10    Spells: 6/6 levels left

rFire   . . .      SeeInvis .    e - +2 dagger (drain)
rCold   . . .      Faith    .    c - +0 buckler
rNeg    . . .      Spirit   .    b - +0 scale mail
rPois   .          Reflect  .    (no helmet)
rElec   .          Harm     .    (no cloak)
rCorr   .          Roll     +    (no gloves)
Will    .....                    (no barding) Stlth
                                 r - amulet of the acrobat
HPRegen 0.30/turn                (no ring)
MPRegen 0.10/turn                (no ring)

@: no status effects
A: large, rugged brown scales 3, deformed body, armoured tail, roll, long
tongue, awkward tongue
a: Renounce Religion, Stomp


You were on level 5 of the Dungeon.
You worshipped Uskayaw.
Uskayaw was noncommittal.
You visited 1 branch of the dungeon, and saw 5 of its levels.

You collected 167 gold pieces.

Inventory:

Hand Weapons
 a - a +0 flail
 e - a +2 dagger of draining (weapon)
Armour
 b - a +0 scale mail (worn)
 c - a +0 buckler (worn)
Jewellery
 r - an amulet of the acrobat (around neck)
Wands
 v - a wand of paralysis (1)
Scrolls
 i - 2 scrolls of blinking {unknown}
 k - 2 scrolls of enchant weapon {unknown}
 m - 3 scrolls of teleportation {unknown}
 n - 4 scrolls of identify {unknown}
 q - a scroll of fog {unknown}
 s - a scroll of magic mapping {unknown}
 w - a scroll of enchant armour {unknown}
Potions
 d - a potion of might
 f - 3 potions of attraction {unknown}
 g - a potion of lignification {unknown}
 h - a potion of curing {unknown}
 j - 2 potions of brilliance {unknown}
 l - a potion of haste {unknown}
 o - a potion of flight {unknown}
 p - a potion of berserk rage {unknown}
 t - a potion of cancellation {unknown}
 u - a potion of mutation {unknown}


   Skills:
 + Level 4.9 Fighting
 - Level 2.0 Maces & Flails
 + Level 6.5 Armour
 - Level 5.0 Shields
 + Level 0.8 Invocations


You had 6 spell levels left.
You didn't know any spells.
Your spell library contained the following spells:

 Spells                   Type           Power      Damage    Failure   Level
 Apportation              Tloc           0%         N/A       77%         1
 Necrotise                Necr           0%         1d4       77%         1
 Summon Small Mammal      Summ           0%         N/A       77%         1
 Cigotuvi's Dreadful Rot  Necr/Pois/Air  0%         N/A       88%         2
 Lesser Beckoning         Tloc           0%         N/A       88%         2
 Poisonous Vapours        Pois/Air       0%         N/A       88%         2
 Sublimation of Blood     Necr           0%         N/A       88%         2
 Wereblood                Tmut           0%         N/A       88%         2
 Gell's Gravitas          Tloc           0%         N/A       98%         3
 Mephitic Cloud           Conj/Pois/Air  0%         N/A       98%         3
 Teleport Other           Tloc           0%         N/A       98%         3
 Summon Hydra             Summ           0%         N/A       100%        7


Dungeon Overview and Level Annotations

Branches:
Dungeon (5/15)
 Temple: D:4-7

Altars:
Fedhas
Uskayaw
Yredelemnul
Zin

Shops:
D:2 ?


Innate Abilities, Weirdness & Mutations

You are completely covered in rugged brown scales. (AC +3, +7% HP)
Armour fits poorly on your strangely shaped body.
You have a long armoured tail.
You roll when moving toward enemies. (Rampage)
Your long tongue fully drains potion bottles. (2x potion effects)
Your tongue gives you trouble enunciating. (1.5x scroll delay)


Message History

The necrophage hits you but does no damage.
You can now pass through a line of other dancers.
You hit the necrophage.
The necrophage is almost destroyed.
The necrophage hits you.
You feel drained.
You hit the necrophage.
The necrophage is almost destroyed.
The necrophage hits you.
You closely miss the necrophage. You tail-slap the necrophage.
You destroy the necrophage!
Your life force feels restored.
You have reached level 7!
Aiming: Line Pass
Press: ? - help, Dir - move target The iguana appears confused.
The ogre appears confused.
You can no longer pass through a line of other dancers.
You hit the ogre.
Your tail-slap misses the ogre.
The ogre is lightly wounded.
The ogre seems less confused.
The ogre hits you with a +0 giant club!!
You are too injured to fight recklessly!
You hit the ogre. You tail-slap the ogre.
The ogre is moderately wounded.
The iguana seems less confused.
You block the ogre's attack.
You can now pass through a line of other dancers.
You hit the ogre.
The ogre is moderately wounded.
The ogre hits you with a +0 giant club!
* * * LOW HITPOINT WARNING * * *
You hit the ogre.
The ogre is heavily wounded.
You stomp with the beat, sending a shockwave through the revellers around you!
The ogre is severely wounded.
You can no longer pass through a line of other dancers.
The ogre hits you with a +0 giant club!
* * * LOW HITPOINT WARNING * * *
You hit the ogre. You drain the ogre.
The ogre is severely wounded.
The ogre hits you with a +0 giant club!!
You die...

###....:. ..#.....<
......... ###
#........ ...
#........ ###########
#........ ..........#
#......."
#########.######.....#
... #.....lO@###.#
.... ########## .....
#####


You could see an ogre (drained) and an iguana.

Vanquished Creatures
  A necrophage (D:5)
  3 scorpions
  A howler monkey (D:4)
  2 hounds
  An orc priest (D:5)
  An iguana (D:5)
  An orc wizard (D:5)
  7 adders
  4 orcs
  8 bats
  3 endoplasms
  2 giant cockroaches
  4 goblins
  8 hobgoblins
  4 jackals (D:2)
  A quokka (D:4)
  4 ball pythons
  A frilled lizard (D:1)
  5 kobolds
  6 rats
67 creatures vanquished.

Notes
Turn   | Place    | Note
-------+----------+-------------------------------------------
     0 | D:1      | KleinerIrrer the Armataur Fighter began the quest for the
                  | Orb.
     0 | D:1      | Reached XP level 1. HP: 19/19 MP: 1/1
   202 | D:1      | Reached XP level 2. HP: 17/21 MP: 2/2
   430 | D:1      | Reached skill level 4 in Armour
  1061 | D:2      | Found Jitrein's Magic Scroll Shoppe.
  1109 | D:2      | Reached XP level 3. HP: 33/33 MP: 3/3
  1555 | D:2      | Reached XP level 4. HP: 40/40 MP: 4/4
  1967 | D:3      | Found a hide-covered altar of Uskayaw.
  1967 | D:3      | Found a basalt altar of Yredelemnul.
  1971 | D:3      | Found a glowing silver altar of Zin.
  1972 | D:3      | Found a blossoming altar of Fedhas.
  1981 | D:3      | Became a worshipper of Uskayaw the Reveller
  2134 | D:3      | You fall into a shaft and drop 1 floor!
  2164 | D:4      | Reached * piety under Uskayaw
  2172 | D:4      | Reached ** piety under Uskayaw
  2276 | D:4      | Noticed a scorpion
  2286 | D:4      | Killed a scorpion
  2287 | D:4      | Reached skill level 5 in Armour
  2287 | D:4      | Reached XP level 5. HP: 42/49 MP: 1/5
  2406 | D:4      | Reached *** piety under Uskayaw
  2407 | D:4      | Reached skill level 5 in Shields
  2407 | D:4      | Reached XP level 6. HP: 30/55 MP: 6/6
  2541 | D:5      | Entered Level 5 of the Dungeon
  2590 | D:5      | Reached **** piety under Uskayaw
  2592 | D:5      | Reached ***** piety under Uskayaw
  2593 | D:5      | Reached skill level 6 in Armour
  2636 | D:5      | Reached XP level 7. HP: 53/64 MP: 7/7
  2642 | D:5      | Demolished by an ogre

Illustrated notes

Levels and vault maps discovered:
D:1:      elethiomel_arrival_infinity_welcomes_careful_drivers, layout_basic,
          serial_forest, infiniplex_forest_straight_2,
          infiniplex_forest_clump_C, infiniplex_forest_pool,
          infiniplex_forest_straight_1, nicolae_concentric_dashed_squares_wild
D:2:      layout_basic, serial_corexii_hall, chequers_hall_statues_wall_a,
          chequers_hall_statues_wall_a, serial_shops, nicolae_shop_stone,
          minmay_3d_cube
D:3:      layout_basic, grunt_temple_overflow_open
D:4:      layout_rooms
D:5:      layout_basic, bloody_makhleb, minmay_temple_entry_poolview

Skill      XL: |  1  2  3  4  5  6 |
---------------+-------------------+-----
Maces & Flails | 2 |  2.0
Armour         | 4 5 6 |  6.5
Fighting       | 3 4 |  4.9
Shields        | 4 5 |  5.0
Invocations    | |  0.8

Action                     |  1- 3 |  4- 6 |  7- 9 || total
---------------------------+-------+-------+-------++-------
  Melee: Flail             |    17 |       |       ||    17
         Dagger            |    76 |    98 |     5 ||   179
         Tailslap          |     9 |    12 |     1 ||    22
 Invoke: Stomp             |       |     2 |     1 ||     3
         Line Pass         |       |     1 |     1 ||     2
   Stab: Confused          |       |     1 |       ||     1
         Paralysed         |       |     1 |       ||     1
 Armour: Scale mail        |    37 |    48 |       ||    85
  Dodge: Dodged            |    31 |    34 |       ||    65
  Block: Buckler           |    19 |    16 |     1 ||    36

Table legend: (Time is in decaauts)
 A = Elapsed time spent in this place.
 B = Non-inter-level travel time spent in this place.
 C = Inter-level travel time spent in this place.
 D = Time resting spent in this place.
 E = Time spent auto-exploring this place.
 F = Levels seen in this place.
 G = Mean time per level.
                   A        B        C        D        E       F      G
               +--------+--------+--------+--------+--------+-----+--------+
         Total |   2652 |   2382 |    270 |     72 |   1870 |   5 |  530.4 |
       Dungeon |   2652 |   2382 |    270 |     72 |   1870 |   5 |  530.4 |
               +--------+--------+--------+--------+--------+-----+--------+

Top non-repeatable levels by time:
     D:1: 1067 daAuts
     D:2: 895 daAuts
     D:4: 408 daAuts
     D:3: 178 daAuts
     D:5: 101 daAuts
